 Dungeon Crawl Stone Soup version 0.27-a0-498-g7ecbb0a48f (webtiles) character file.

Game seed: 5804079003577315097

1315 tilp the Insei (level 8, 0/55 HPs)
             Began as an Octopode Transmuter on Mar 2, 2021.
             Slain by a gnoll
             ... wielding a +0 halberd
              (12 damage)
             ... on level 5 of the Dungeon.
             The game lasted 00:14:23 (5483 turns).

tilp the Insei (Octopode Transmuter)                Turns: 5483, Time: 00:14:24

Health: 0/55       AC:  1    Str:  9    XL:     8   Next: 58%
Magic:  11/11      EV: 15    Int: 17    God:
Gold:   15         SH:  0    Dex: 19    Spells: 8/11 levels left

rFire    . . .     SeeInvis +     - Unarmed
rCold    . . .     Faith    .   (no shield)
rNeg     . . .     Spirit   .   (helmet restricted)
rPois    .         Reflect  .   (no amulet)
rElec    .         Harm     .   d - +6 ring of dexterity
rCorr    .         Rampage  .   i - ring of see invisible
Will     .....                  (no ring)
Stlth    ++........             (no ring)
HPRegen  0.18/turn              (no ring)
MPRegen  0.12/turn              (no ring)
                                (no ring)
                                (no ring)

@: coronaed, wereblooded, glowing
A: almost no armour, stealthy swim, amphibious, 8 rings, constrict 8, camouflage
1, gelatinous body 1
a: no special abilities


You were on level 5 of the Dungeon.
You visited 1 branch of the dungeon, and saw 7 of its levels.

You collected 427 gold pieces.
You spent 412 gold pieces at shops.

Inventory:

Missiles
 a - 111 stones
 m - 4 boomerangs (quivered)
 q - 2 throwing nets
 r - 2 poisoned darts
Armour
 s - a +2 buckler
Jewellery
 d - a +6 ring of dexterity (left tentacle)
 i - a ring of see invisible (right tentacle)
Wands
 c - a wand of random effects (25)
 p - a wand of mindburst (6)
Scrolls
 b - 4 scrolls of identify
 e - a scroll of fog
 h - 2 scrolls of amnesia {unknown}
 l - a scroll of random uselessness {unknown}
 n - a scroll of teleportation
 o - a scroll of blinking
Potions
 f - a potion of curing
 g - 3 potions of haste
 j - a potion of mutation {unknown}
 k - 3 potions of attraction


   Skills:
 + Level 5.2 Fighting
 + Level 3.8 Dodging
 - Level 4.0 Stealth
 * Level 0.8 Shields
 + Level 6.9 Unarmed Combat
 - Level 2.0 Spellcasting
 - Level 2.0 Transmutations
 - Level 4.0 Evocations


You had 8 spell levels left.
You knew the following spells:

 Your Spells              Type           Power        Failure   Level
a - Beastly Appendage     Tmut           16%          9%          1
b - Wereblood             Tmut           8%           13%         2

Your spell library contained the following spells:

 Spells                   Type           Power        Failure   Level
 Sting                    Tmut/Pois      20%          13%         1
 Poisonous Vapours        Pois/Air       2%           28%         2
 Spider Form              Tmut/Pois      2%           36%         3
 Ignite Poison            Fire/Tmut/Pois 3%           41%         3
 Mephitic Cloud           Conj/Pois/Air  1%           50%         3
 Ice Form                 Ice/Tmut       5%           77%         4
 Olgreb's Toxic Radiance  Pois           1%           88%         4
 Blade Hands              Tmut           4%           93%         5


Dungeon Overview and Level Annotations

Branches:
Dungeon (7/15)
 Temple: D:4-7

Altars:
Elyvilon

Shops:
D:4 (?:[*   D:6 ([*:


Innate Abilities, Weirdness & Mutations

You cannot wear most types of armour.
You are very stealthy in the water. (Stealth+)
You are amphibious.
You can wear up to eight rings at the same time.
You can use your tentacles to constrict eight enemies at once.
Your skin changes colour to match your surroundings (Stealth+).
Your rubbery body absorbs attacks. (AC +1, EV +1)


Message History

The gnoll hits you with a +0 club.
A gnoll comes into view. It is wielding a +0 flail.
You barely miss the gnoll. Your grab misses the gnoll.
Your squeeze misses the gnoll.
The gnoll is heavily wounded.
The gnoll misses you.
You barely miss the gnoll shaman. You grab the gnoll shaman.
You constrict the gnoll shaman, but do no damage.
You completely miss the gnoll shaman. You squeeze the gnoll shaman.
The gnoll shaman is moderately wounded.
You constrict the gnoll shaman.
The gnoll shaman calls down the wrath of its god upon you.
You are outlined in light.
You bludgeon the gnoll shaman!
The gnoll shaman is severely wounded.
You constrict the gnoll shaman. The gnoll shaman closely misses you.
You tentacle-slap the gnoll shaman.
The gnoll shaman is almost dead.
You constrict the gnoll shaman.
You kill the gnoll shaman!
You tentacle-slap the gnoll. You grab the gnoll. You tentacle-slap the gnoll.
You kill the gnoll!
The gnoll hits you with a +0 flail!
Items here: ))) [ ††.
You bludgeon the gnoll! You grab the gnoll.
The gnoll is severely wounded.
You constrict the gnoll, but do no damage.
The gnoll hits you with a +0 flail.
You bludgeon the gnoll!
You kill the gnoll!
The gnoll closely misses you.
The gnoll hits you from afar with a +0 halberd!
* * * LOW HITPOINT WARNING * * *
You see here a +0 flail.
You bludgeon the gnoll! You grab the gnoll.
The gnoll is heavily wounded.
You constrict the gnoll. The gnoll hits you with a +0 flail!
* * * LOW HITPOINT WARNING * * *
The gnoll hits you from afar with a +0 halberd!
You die...

...................>.........
..##.#.# #..............#
.......########............#
................##.........#
..##.#############....#.####
...........g ..#.####.#
#.....###### #g#.# #.#
......# #g#.# #.# . #.....#
#@#.####.########. ####..#
#)#............<.. .# #..#
#.######.######.## .# #..#
#.#.####.......... .# ..#
#.#.......#####.## .. .#
#.#.###...# #... #.#
####.#.###...#######. ..
.#######.......##<..........
#.#
......†........####.########


You could see 2 gnolls.

Vanquished Creatures
  Pikel (D:4)
  An ice beast (D:6)
  A lemure (D:4)
  A bullfrog (D:6)
  3 scorpions
  A jelly (D:6)
  A gnoll shaman (D:5)
  An orc priest (D:4)
  A bullfrog skeleton (D:5)
  3 orc wizards
  An iguana (D:4)
  Natasha (thrice) (D:3)
  A worker ant (D:5)
  9 gnolls (D:5)
  5 adders
  A shadow imp (D:6)
  A white imp (D:5)
  An ooze (D:5)
  2 worms
  3 dart slugs
  2 leopard geckos
  11 orcs
  8 bats
  4 giant cockroaches
  10 goblins
  4 hobgoblins
  4 jackals
  9 kobolds
  2 quokkas
  4 frilled lizards
  11 rats
110 creatures vanquished.

Notes
Turn   | Place    | Note
-------+----------+-------------------------------------------
     0 | D:1      | tilp the Octopode Transmuter began the quest for the Orb.
     0 | D:1      | Reached XP level 1. HP: 13/13 MP: 3/3
    15 | D:1      | Reached skill level 1 in Stealth
    57 | D:1      | Reached XP level 2. HP: 14/18 MP: 5/5
    62 | D:1      | Learned a level 2 spell: Wereblood
   820 | D:1      | Reached XP level 3. HP: 23/23 MP: 6/6
  1518 | D:2      | Reached XP level 4. HP: 23/29 MP: 5/7
  2721 | D:3      | Noticed Natasha
  2733 | D:3      | Killed Natasha
  2734 | D:3      | Reached skill level 4 in Unarmed Combat
  2734 | D:3      | Reached XP level 5. HP: 29/35 MP: 6/8
  2798 | D:3      | Found a white marble altar of Elyvilon.
  2828 | D:3      | Noticed Natasha
  2834 | D:3      | Killed Natasha
  3029 | D:3      | Noticed Natasha
  3037 | D:3      | Killed Natasha
  3164 | D:4      | Reached XP level 6. HP: 36/42 MP: 6/9
  3375 | D:4      | Found Vanice's Magic Scroll Boutique.
  3381 | D:4      | Bought a scroll of teleportation for 42 gold pieces
  3381 | D:4      | Bought a scroll of noise for 14 gold pieces
  3382 | D:4      | Bought a scroll of identify for 28 gold pieces
  3382 | D:4      | Bought a scroll of blinking for 105 gold pieces
  3516 | D:4      | Reached skill level 5 in Unarmed Combat
  3690 | D:4      | Noticed Pikel
  3959 | D:4      | Found Xoxen's Assorted Antiques.
  3971 | D:4      | Found Hunt's Armour Emporium.
  3995 | D:4      | Killed Pikel
  3996 | D:4      | Reached skill level 6 in Unarmed Combat
  3996 | D:4      | Reached XP level 7. HP: 16/49 MP: 10/10
  3996 | D:4      | Reached XP level 8. HP: 18/54 MP: 11/11
  4195 | D:4      | You fall into a shaft and drop 3 floors!
  4280 | D:6      | Found Ehuumaru's Antique Weapon Shoppe.
  4368 | D:6      | Found Ymavaek's Armour Shoppe.
  4637 | D:6      | Found Peroac's General Store.
  4640 | D:6      | Bought a potion of curing for 42 gold pieces
  4659 | D:6      | Found Bunuqal's Book Emporium.
  4707 | D:5      | Entered Level 5 of the Dungeon
  4828 | D:5      | Reached skill level 5 in Fighting
  5138 | D:4      | Found Plog's Book Shoppe.
  5140 | D:4      | Found Xunas's Weapon Shoppe.
  5423 | D:4      | Bought a +2 buckler for 181 gold pieces
  5483 | D:5      | Slain by a gnoll

Illustrated notes

Levels and vault maps discovered:
D:1:      lightli_iron_boxes, layout_rooms, minmay_hexomino_u4
D:2:      layout_basic
D:3:      layout_loops_ring, elyvilon_altar_3, uniq_natasha
D:4:      layout_basic, serial_shops, shop, shop_statue, shop,
          nicolae_shop_stone, shop, uniq_pikel
D:5:      layout_basic, lemuel_round_altar, minmay_temple_entry_gardened_gates
D:6:      layout_basic, portal_sewer_entry_d, serial_shops,
          nicolae_shop_behind_doors, shop_statue, nicolae_shop_stone,
          nicolae_shop_statue_plus, nicolae_shop_statue_plus
D:7:      layout_loops_ring, nicolae_overflow_hidden_temple,
          regret_index_temple_of_mockery, cheibrodos_ashenzari_chains,
          gammafunk_ghost_icy, corexii_leaking_fountain, uniq_joseph

Skill      XL: |  1  2  3  4  5  6  7  8 |
---------------+-------------------------+-----
Stealth        | 2 3 4 |  4.0
Fighting       | 2 3 4 5 |  5.2
Unarmed Combat | 4 6 |  6.9
Evocations     | 4 |  4.0
Dodging        | 3 |  3.8
Shields        | |  0.8
Spellcasting   | |  2.0
Transmutations | |  2.0

Action                   |  1- 3 |  4- 6 |  7- 9 || total
-------------------------+-------+-------+-------++-------
Melee: Unarmed           |    70 |   115 |    68 ||   253
       Constrict         |    25 |    30 |    21 ||    76
       Tentacles         |    16 |    22 |    13 ||    51
       Kick              |     5 |    25 |    17 ||    47
       Punch             |     2 |     8 |     2 ||    12
Throw: Dart              |     9 |    14 |       ||    23
       Stone             |       |     3 |       ||     3
       Boomerang         |       |       |    10 ||    10
 Cast: Beastly Appendage |     5 |    16 |    11 ||    32
       Wereblood         |       |     5 |     4 ||     9
Evoke: Wand              |       |       |     2 ||     2
  Use: Scroll            |       |     4 |     2 ||     6
       Potion            |       |       |     1 ||     1
 Stab: Sleeping          |    10 |    10 |     2 ||    22
Armor: Skin              |     3 |     1 |     2 ||     6
Dodge: Dodged            |    39 |    39 |    35 ||   113

Table legend: (Time is in decaauts)
 A = Elapsed time spent in this place.
 B = Non-inter-level travel time spent in this place.
 C = Inter-level travel time spent in this place.
 D = Time resting spent in this place.
 E = Time spent auto-exploring this place.
 F = Levels seen in this place.
 G = Mean time per level.
                   A        B        C        D        E       F      G
               +--------+--------+--------+--------+--------+-----+--------+
         Total |   5465 |   5264 |    201 |   1135 |   2854 |   7 |  780.7 |
       Dungeon |   5465 |   5264 |    201 |   1135 |   2854 |   7 |  780.7 |
               +--------+--------+--------+--------+--------+-----+--------+

Top non-repeatable levels by time:
     D:4: 1262 daAuts
     D:2: 1166 daAuts
     D:1: 1071 daAuts
     D:3: 1055 daAuts
     D:6: 427 daAuts
     D:5: 396 daAuts
     D:7: 84 daAuts
